 Dungeon Crawl Stone Soup version 0.21.1-68-g103a7afc0a (webtiles) character file.

154 Raybro228 the Ruffian (level 5, -4/50 HPs)
             Began as a Troll Monk on Aug 3, 2018.
             Slain by Crazy Yiuf
             ... wielding a +4 quarterstaff of chaos
              (8 damage)
             ... while paralysed by Crazy Yiuf
             ... on level 3 of the Dungeon.
             The game lasted 00:15:20 (1909 turns).

Raybro228 the Ruffian (Troll Monk)                  Turns: 1909, Time: 00:15:21

Health: -4/50      AC:  6    Str: 19    XL:     5   Next: 13%
Magic:  4/4        EV:  1    Int:  6    God:
Gold:   138        SH:  0    Dex: 13    Spells: 4/4 levels left

rFire    x . .     SeeInvis .   s - +0 hunting sling
rCold    + . .     Gourm    +   (no shield)
rNeg     . . .     Faith    .   a - +0 robe
rPois    .         Spirit   .   (helmet restricted)
rElec    .         Reflect  .   p - +0 cloak
rCorr    .         Harm     .   (gloves unavailable)
MR       .....                  (boots unavailable)
Stlth    +++.......             (no amulet)
HPRegen  0.56/turn              n - ring of ice
MPRegen  0.09/turn              o - ring of stealth

@: paralysed
A: large, unfitting armour, claws 3, fast metabolism 3, gourmand, regeneration
1, shaggy fur 1, tough skin 2
a: no special abilities


You were on level 3 of the Dungeon.
You were not hungry.

You visited 1 branch of the dungeon, and saw 3 of its levels.

You collected 138 gold pieces.

Inventory:

Hand Weapons
 s - a +0 hunting sling (weapon)
Armour
 a - a +0 robe (worn)
 p - a +0 cloak (worn)
Jewellery
 n - a ring of ice (left claw)
 o - a ring of stealth (right claw)
Scrolls
 d - a scroll of enchant armour {unknown}
 f - 2 scrolls of identify
 i - 2 scrolls of remove curse
 j - 2 scrolls of noise {unknown}
 l - 3 scrolls of teleportation
 m - 3 scrolls of enchant weapon {unknown}
 r - a scroll of blinking {unknown}
Potions
 c - a potion of mutation {unknown}
 e - a potion of flight {unknown}
 g - a potion of curing {unknown}
 h - a potion of invisibility {unknown}
 k - a potion of ambrosia {unknown}
 q - a potion of magic {unknown}
Comestibles
 b - 9 rations


   Skills:
 - Level 2.7 Fighting
 + Level 3.2 Dodging
 - Level 1.1 Stealth
 + Level 4.9 Unarmed Combat


You had 4 spell levels left.
You didn't know any spells.

Dungeon Overview and Level Annotations

Branches:
Dungeon (3/15)

Altars:
Dithmenos
Hepliaklqana

Annotations:
D:3 Crazy Yiuf, Sigmund


Innate Abilities, Weirdness & Mutations

You are too large for most types of armour.
You have claws for hands.
Your metabolism is lightning-fast.
You like to eat raw meat.
Your natural rate of healing is unusually fast.
You are covered in fur. (AC +1)
You have very tough skin. (AC +2)


Message History

There is an open door here.
Crazy Yiuf laughs, "Cards sanguine light!"
Crazy Yiuf says, "Liver!
Snurf cower sow."
Crazy Yiuf whimpers, "Mama cower stair!"
Crazy Yiuf laughs, "Peeping Xom illywillydillykilly!"
Crazy Yiuf grits, "Race aubergine sing!"
You clumsily bash Crazy Yiuf but do no damage.
Crazy Yiuf laughs, "Scoff ragdoll ena!"
Crazy Yiuf hits you with a quarterstaff of chaos!
You suddenly lose the ability to move!
Crazy Yiuf hits you with a quarterstaff of chaos.
* * * LOW HITPOINT WARNING * * *
Crazy Yiuf burns you.
* * * LOW HITPOINT WARNING * * *
Crazy Yiuf hits you with a quarterstaff of chaos!
* * * LOW HITPOINT WARNING * * *
Crazy Yiuf freezes you.
* * * LOW HITPOINT WARNING * * *
Crazy Yiuf hits you with a quarterstaff of chaos!
You die...

#...###.# #.# #..(.[.
#>..##.# #( #......
#......# #.## #.##..#
#..##..# #..###.##...
#..##..#######........#.
#........##.........###.
#.##..##....#####.### #.
#######.##.###..### #.#
## #........#..g@..# #.#
###. #.######.#...##.###
#.. .... #.#
#.#..###...### #.####.#
#.# #..#.# ###.).#
#......# #.# ######
###.###....... #.#
#...#......# #.###♣♣♣♣♣
###.##...###
#.#....♣.♣♣♣#####
#......##
#.......♣..♣#...#
######..#


You could see Crazy Yiuf.

Vanquished Creatures
  The ghost of motoroller71 the Ducker, a weakling GnGl (D:3)
  2 adders (D:2)
  2 worms (D:2)
  A dart slug (D:1)
  2 leopard geckos
  An orc (D:2)
  16 giant cockroaches (D:2)
  6 goblins
  9 hobgoblins
  12 jackals
  2 quokkas (D:2)
  6 bats
  4 kobolds
  5 rats
69 creatures vanquished.

Notes
Turn   | Place    | Note
-------+----------+-------------------------------------------
     0 | D:1      | Raybro228 the Troll Monk began the quest for the Orb.
     0 | D:1      | Reached XP level 1. HP: 22/22 MP: 0/0
    44 | D:1      | Reached XP level 2. HP: 29/29 MP: 1/1
   440 | D:1      | Reached XP level 3. HP: 36/36 MP: 2/2
   887 | D:2      | Reached skill level 4 in Unarmed Combat
   939 | D:2      | Reached XP level 4. HP: 44/44 MP: 3/3
  1121 | D:2      | Found a hazy altar of Hepliaklqana.
  1254 | D:2      | Found a shadowy altar of Dithmenos.
  1467 | D:3      | Noticed Sigmund
  1609 | D:3      | Noticed motoroller71's ghost (weakling GnGl)
  1646 | D:3      | Killed motoroller71's ghost
  1646 | D:3      | Reached XP level 5. HP: 35/50 MP: 4/4
  1859 | D:3      | Found a runed door.
  1863 | D:3      | Noticed Crazy Yiuf
  1906 | D:3      | Paralysed by Crazy Yiuf for 4 turns
  1909 | D:3      | Slain by Crazy Yiuf

Skill      XL: |  1  2  3  4 |
---------------+-------------+-----
Unarmed Combat | 4 |  4.9
Dodging        | 3 |  3.2
Fighting       | |  2.7
Stealth        | |  1.1

Action                   |  1- 3 |  4- 6 || total
-------------------------+-------+-------++-------
Melee: Unarmed           |   110 |    63 ||   173
       Punch             |     3 |     2 ||     5
       Hunting sling     |       |     8 ||     8
  Use: Scroll            |       |     2 ||     2
       Potion            |       |     1 ||     1
 Stab: Sleeping          |     4 |     3 ||     7
  Eat: Chunk             |    10 |     7 ||    17
Armor: Robe              |    34 |    21 ||    55
Dodge: Dodged            |    48 |    43 ||    91
